 Dungeon Crawl Stone Soup version 0.27-a0-1006-g1fd4cec11e (webtiles) character file.

Game seed: 15107110870033016067

88 ridjack the Chopper (level 4, -1/41 HPs)
             Began as a Hill Orc Berserker on Apr 17, 2021.
             Was a Believer of Trog.
             Slain by Sigmund
             ... wielding a +0 scythe
              (4 damage)
             ... on level 2 of the Dungeon.
             The game lasted 00:12:00 (3609 turns).

ridjack the Chopper (Hill Orc Berserker)            Turns: 3609, Time: 00:12:01

Health: -1/41      AC:  2    Str: 20    XL:     4   Next: 54%
Magic:  4/4        EV: 12    Int:  7    God:    Trog [**....]
Gold:   83         SH:  0    Dex: 10    Spells: 3/3 levels left

rFire    . . .     SeeInvis .   a - +0 hand axe
rCold    . . .     Faith    .   (no shield)
rNeg     . . .     Spirit   .   b - +0 animal skin
rPois    .         Reflect  .   (no helmet)
rElec    .         Harm     .   (no cloak)
rCorr    .         Rampage  .   (no gloves)
Will     .....                  (no boots)
Stlth    +.........             (no amulet)
HPRegen  0.13/turn              (no ring)
MPRegen  0.09/turn              (no ring)

@: confused, on berserk cooldown, slowed, very slow
A: no striking features
a: Renounce Religion, Berserk, Trog's Hand


You were on level 2 of the Dungeon.
You worshipped Trog.
Trog was pleased with you.
You visited 1 branch of the dungeon, and saw 2 of its levels.

You collected 83 gold pieces.

Inventory:

Hand Weapons
 a - a +0 hand axe (weapon)
 k - a +1 whip of draining
Missiles
 c - 15 arrows
 g - 26 stones
Armour
 b - a +0 animal skin (worn)
 q - a +0 animal skin
 r - a +0 helmet
Scrolls
 e - 2 scrolls of identify {unknown}
 f - a scroll of enchant armour {unknown}
 h - a scroll of noise {unknown}
 j - a scroll of enchant weapon {unknown}
 m - a scroll of blinking {unknown}
 o - a scroll of fog {unknown}
Potions
 d - a potion of heal wounds {unknown}
 i - a potion of ambrosia {unknown}


   Skills:
 + Level 4.8 Fighting
 + Level 5.3 Axes
 + Level 2.2 Armour
 + Level 2.1 Dodging


You had 3 spell levels left.
You didn't know any spells.
Your spell library contained the following spells:

 Spells                   Type           Power      Damage    Failure   Level
 Beastly Appendage        Tmut           0%         N/A       43%         1
 Wereblood                Tmut           0%         N/A       56%         2
 Spider Form              Tmut/Pois      0%         N/A       80%         3
 Ice Form                 Ice/Tmut       0%         N/A       99%         4
 Hydra Form               Tmut           0%         N/A       100%        5


Dungeon Overview and Level Annotations

Branches:
Dungeon (2/15)

Altars:

Annotations:
D:2 Sigmund


Message History

Sigmund closely misses you.
You hit Sigmund.
Sigmund is heavily wounded.
Sigmund drinks a potion.
Sigmund is healed!
You slash Sigmund!
Sigmund is heavily wounded.
Sigmund flickers, as though insubstantial.
Sigmund closely misses you.
You barely miss Sigmund.
Sigmund is heavily wounded.
You barely miss Sigmund.
Sigmund is heavily wounded.
Sigmund points at you and mumbles some strange words.
The magic dart hits you.
You closely miss Sigmund.
Sigmund is heavily wounded.
Sigmund points at himself and mumbles some strange words.
Sigmund flickers and vanishes!
Deactivating autopickup; reactivate with Ctrl-A.
You closely miss something. You slash something!
You are no longer berserk.
Trog's vigour flows through your veins.
You are exhausted.
You feel yourself slow down. Something hits you.
You miss something.
You hear some strange, mumbled words.
Something tries to affect you, but you resist.
Something hits you!
You closely miss something. Something hits you.
* * * LOW HITPOINT WARNING * * *
You miss something.
You hear some strange, mumbled words.
Something tries to affect you, but you resist.
You hear some strange, mumbled words.
You are confused.
You bump into the rock wall.
Something hits you.
* * * LOW HITPOINT WARNING * * *
You miss something. Something hits you.
You die...

#...........#
#.....#
##.#.#.#
'...........#
#.....#
##.#.##
#...........#
#.....# ## ##
#...........#
#.....###
####
#############
#.....#.#
#...
+.......#
#.##
#.....#.# #.#
##....#.# #.#
#@####.# #.#
#{# #.# #.#
... #.# #.#
##### #.# #.#
#.########.#
#..........#
############


There were no monsters in sight!

Vanquished Creatures
  Robin (D:2)
  2 adders (D:2)
  2 dart slugs
  4 ball pythons
  4 bats
  6 endoplasms
  A giant cockroach (D:1)
  13 goblins
  4 hobgoblins
  4 jackals (D:1)
  3 kobolds
  A quokka (D:1)
  2 frilled lizards (D:1)
  2 rats (D:1)
49 creatures vanquished.

Notes
Turn   | Place    | Note
-------+----------+-------------------------------------------
     0 | D:1      | ridjack the Hill Orc Berserker began the quest for the Orb.
     0 | D:1      | Reached XP level 1. HP: 19/19 MP: 1/1
   397 | D:1      | Reached XP level 2. HP: 27/27 MP: 2/2
  1555 | D:1      | Reached XP level 3. HP: 28/33 MP: 3/3
  1959 | D:2      | Noticed Robin
  1984 | D:2      | Killed Robin
  1985 | D:2      | Reached skill level 5 in Axes
  2237 | D:2      | Reached XP level 4. HP: 35/41 MP: 4/4
  3261 | D:2      | Reached ** piety under Trog
  3585 | D:2      | Noticed Sigmund
  3609 | D:2      | Slain by Sigmund

Illustrated notes

Levels and vault maps discovered:
D:1:      nicolae_arrival_memento_mori, layout_loops_ring, st_stairs_14
D:2:      minmay_inner_zag, layout_basic, chequers_serial_rivers_room_b,
          uniq_robin, uniq_sigmund

Skill      XL: |  1  2  3  4 |
---------------+-------------+-----
Fighting       | 4 |  4.8
Axes           | 5 |  5.3
Dodging        | 2 |  2.1
Armour         | |  2.2

Action                   |  1- 3 |  4- 6 || total
-------------------------+-------+-------++-------
Melee: Hand axe          |    98 |    71 ||   169
Invok: Berserk           |     4 |     1 ||     5
 Stab: Sleeping          |     1 |     2 ||     3
Armor: Animal skin       |    21 |     9 ||    30
Dodge: Dodged            |    59 |    33 ||    92

Table legend: (Time is in decaauts)
 A = Elapsed time spent in this place.
 B = Non-inter-level travel time spent in this place.
 C = Inter-level travel time spent in this place.
 D = Time resting spent in this place.
 E = Time spent auto-exploring this place.
 F = Levels seen in this place.
 G = Mean time per level.
                   A        B        C        D        E       F      G
               +--------+--------+--------+--------+--------+-----+--------+
         Total |   3651 |   3572 |     79 |   1571 |   1312 |   2 | 1825.5 |
       Dungeon |   3651 |   3572 |     79 |   1571 |   1312 |   2 | 1825.5 |
               +--------+--------+--------+--------+--------+-----+--------+

Top non-repeatable levels by time:
     D:1: 1981 daAuts
     D:2: 1670 daAuts
